 Dungeon Crawl Stone Soup version 0.31-a0-662-g684573625c (webtiles) character file.

Game seed: 10922136063876653010

3395 garrulousMonolith the Skirmisher (level 9, -13/78 HPs)
             Began as a Minotaur Hunter on Sept 1, 2023.
             Was a Priest of Okawaru.
             Hit by a large rock thrown by a cyclops (40 damage)
             ... on level 8 of the Dungeon.
             The game lasted 00:10:50 (5689 turns).

garrulousMonolith the Skirmisher (Minotaur Hunter)  Turns: 5689, Time: 00:10:50

Health: -13/78     AC: 15    Str: 17    XL:     9   Next: 75%
Magic:  11/11      EV: 11    Int:  6    God:    Okawaru [***...]
Gold:   277        SH:  0    Dex: 23    Spells: 8/8 levels left

rFire   . . .        a - +11 orcbow of Causality {speed, rCorr}
rCold   . . .        (shield currently unavailable)
rNeg    . . .        E - +0 chain mail
rPois   .            t - +0 hat of Untold Secrets {Dex+6}
rElec   .            N - +2 cloak
rCorr   +            r - +1 pair of gloves
SInv    .            (no boots)
Will    +....        p - amulet of faith
Stlth   +            g - ring of willpower
HPRegen 0.33/turn    z - ring of flight
MPRegen 0.12/turn

%: faith
@: lethally poisoned (-13 -> -17), flying
A: horns 2, retaliatory headbutt
a: Renounce Religion, Heroism


You were on level 8 of the Dungeon.
You worshipped Okawaru.
Okawaru was most pleased with you.
You visited 2 branches of the dungeon, and saw 9 of its levels.

You collected 382 gold pieces.
You spent 105 gold pieces at shops.

Inventory:

Hand Weapons
 a - the +11 orcbow of Causality (weapon) {speed, rCorr}
   (You found it on level 3 of the Dungeon)

   rCorr:     It protects you from acid and corrosion.
 b - a +4 dagger of venom
 j - a +0 sling of electrocution
 O - a +4 flail of freezing
Missiles
 D - 7 poisoned darts
Armour
 m - a +0 plate armour
 r - a +1 pair of gloves (worn)
 t - the +0 hat of Untold Secrets (worn) {Dex+6}
   (You acquired it on level 7 of the Dungeon)

   Dex+6:     It affects your dexterity (+6).
 v - a scarf of repulsion
 E - a +0 chain mail (worn)
 J - a +0 buckler
 N - a +2 cloak (worn)
Jewellery
 g - a ring of willpower (left hand)
 i - a ring of positive energy
 p - an amulet of faith (around neck)
 y - a ring of wizardry
 z - a ring of flight (right hand)
Wands
 A - a wand of flame (12)
 C - a wand of acid (8)
Scrolls
 c - a scroll of amnesia
 f - a scroll of butterflies
 k - 3 scrolls of teleportation
 l - a scroll of silence
 o - 3 scrolls of revelation
 u - a scroll of immolation
 x - a scroll of fear
 H - a scroll of noise {unknown}
 I - a scroll of blinking {unknown}
 K - a scroll of vulnerability {unknown}
Potions
 d - 3 potions of lignification
 e - a potion of attraction
 h - 2 potions of berserk rage {unknown}
 n - 2 potions of haste
 q - 2 potions of mutation
 s - a potion of brilliance {unknown}
 w - a potion of invisibility
 B - a potion of ambrosia {unknown}
 F - 2 potions of enlightenment
 G - a potion of heal wounds
 L - 2 potions of curing
 P - a potion of magic {unknown}


   Skills:
 + Level 6.9 Fighting
 * Level 9.4 Ranged Weapons
 + Level 6.2 Armour
 + Level 6.1 Dodging
 + Level 4.8 Stealth
 + Level 4.4 Invocations


You had 8 spell levels left.
You didn't know any spells.
Your spell library contained the following spells:

 Spells                   Type           Power      Damage    Failure   Level
 Kiss of Death            Conj/Necr      0%         2d5       99%         1
 Confusing Touch          Hex            0%         N/A       100%        3
 Portal Projectile        Hex/Tloc       0%         N/A       100%        3
 Stone Arrow              Conj/Erth      0%         3d7       100%        3
 Dispel Undead            Necr           0%         3d6       100%        4
 Iskenderun's Mystic Bla  Conj/Tloc      0%         2d3       100%        4
 Lehudib's Crystal Spear  Conj/Erth      0%         10d2      100%        8
 Tukima's Dance           Hex            Unusable   N/A       N/A         3
 Animate Armour           Summ/Erth      Unusable   N/A       N/A         4

Dungeon Overview and Level Annotations

Branches:
Dungeon (8/15)             Temple (1/1) D:4
   Lair: D:8-11

Altars:
Ashenzari
Cheibriados
Dithmenos
Elyvilon
Fedhas
Gozag
Hepliaklqana
Kikubaaqudgha
Makhleb
Nemelex Xobeh
Okawaru
Qazlal
Ru
Sif Muna
Trog
Uskayaw
Vehumet
Wu Jian
Xom
Yredelemnul
Zin
The Shining One

Shops:
D:4 ?


Innate Abilities, Weirdness & Mutations

You have a pair of horns on your head.
You reflexively headbutt those who attack you in melee.


Message History

The arrow closely misses the kobold brigand.
The arrow hits the kobold!
You kill the kobold!
You feel very sick.
You shoot an arrow. The arrow hits the kobold brigand!!
The kobold brigand is almost dead.
You feel sick.
The kobold brigand throws a poisoned dart.
The poisoned dart hits you!
You are more poisoned.
You shoot an arrow. The arrow hits the kobold brigand!
You kill the kobold brigand!
Okawaru accepts your kill.
You feel very sick.
The cyclops throws a large rock.
The large rock hits you!!
You are too injured to fight recklessly!
You are too injured to fight recklessly!
You are too injured to fight recklessly!
You are too injured to fight recklessly!
Fire: a) +11 orcbow of Causality {speed, rCorr}
Press: ? - help, Q - select action, (/) - cycle Shift-Dir - straight line, f - kobold
Aim: a kobold, wielding a +0 club (69% to hit)
You shoot an arrow. The arrow hits the kobold!
You kill the kobold!
Okawaru accepts your kill.
You feel sick.
Fire: a) +11 orcbow of Causality {speed, rCorr}
Press: ? - help, Q - select action, (/) - cycle Shift-Dir - straight line, f - cyclops
Aim: a cyclops, quivering large rocks (heavily wounded, 90% to hit)
You shoot an arrow. The arrow hits the cyclops.
The cyclops is heavily wounded.
You feel sick.
Fire: a) +11 orcbow of Causality {speed, rCorr}
Press: ? - help, Q - select action, (/) - cycle Shift-Dir - straight line, f/p - cyclops
Aim: a cyclops, quivering large rocks (heavily wounded, 90% to hit)
You shoot an arrow. The arrow hits the cyclops!
The cyclops is severely wounded.
You feel sick.
The cyclops throws a large rock.
The large rock hits you!!!
Ouch! That really hurt!
You die...

#..#.#.####..#
#.#............. #
#.#.......#
#......<#.....## #
#..##.#.###########.#.....
#..#..#.#...........#.####
#..####.#.###########.#
#..#............. #.#
#..#.##.#.######## .# ...#
#.#......... ...#
#..@...##### #.....).)).
#....C..(... .............
#....####..... #.... .....
#.... ..... #.... ..


You could see a cyclops.

Vanquished Creatures
  Pikel (D:5)
  Maggie (D:7)
  Grinder (D:6)
  Eustachio (D:6)
  A water moccasin (D:6)
  A sky beast (D:7)
  A black bear (D:4)
  2 ice beasts
  2 ogres
  2 centaurs (D:6)
  A lemure (D:5)
  A bullfrog (D:7)
  A scorpion (D:7)
  A kobold brigand (D:8)
  2 gnoll sergeants (D:6)
  9 wights (D:7)
  An electric eel (D:8)
  3 jellies (D:5)
  3 orc priests
  An iguana (D:5)
  A gnoll bouda (D:6)
  Ijyb (D:4)
  3 sleepcaps
  4 orc wizards
  6 adders
  13 gnolls (D:6)
  2 shadow imps
  An ufetubus (D:5)
  3 worms
  3 dart slugs
  22 orcs
  4 bats
  11 endoplasms
  5 giant cockroaches
  12 goblins
  8 hobgoblins
  3 quokkas
  7 ball pythons
  3 frilled lizards
  10 kobolds
158 creatures vanquished.

Notes
Turn   | Place    | Note
-------+----------+-------------------------------------------
     0 | D:1      | garrulousMonolith the Minotaur Hunter began the quest for
                  | the Orb.
     0 | D:1      | Reached XP level 1. HP: 18/18 MP: 0/0
    87 | D:1      | Reached skill level 1 in Stealth
    87 | D:1      | Reached XP level 2. HP: 22/25 MP: 1/1
   490 | D:1      | Reached skill level 1 in Armour
   549 | D:1      | Reached XP level 3. HP: 30/30 MP: 2/2
  1295 | D:2      | Reached skill level 5 in Ranged Weapons
  1449 | D:3      | Reached XP level 4. HP: 38/38 MP: 3/3
  1615 | D:3      | Identified the +11 orcbow of Causality {speed, rCorr}
  1626 | D:3      | Reached XP level 5. HP: 45/45 MP: 4/4
  1669 | D:3      | Found a hide-covered altar of Uskayaw.
  1814 | D:3      | Found a blossoming altar of Fedhas.
  2106 | D:4      | Noticed Ijyb
  2111 | D:4      | Killed Ijyb
  2260 | D:4      | Found a staircase to the Ecumenical Temple.
  2319 | Temple   | Entered the Ecumenical Temple
  2330 | Temple   | Became a worshipper of Warmaster Okawaru
  2379 | D:4      | Noticed an ogre
  2381 | D:4      | Killed an ogre
  2382 | D:4      | Reached skill level 6 in Ranged Weapons
  2382 | D:4      | Reached XP level 6. HP: 52/52 MP: 5/5
  2464 | D:4      | Found Datoe's Magic Scroll Shop.
  2479 | D:4      | Bought a scroll of revelation for 105 gold pieces
  2520 | D:4      | Reached skill level 1 in Invocations
  2864 | D:5      | Entered Level 5 of the Dungeon
  2864 | D:5      | Found the +10 Black Knight's barding {ponderous, rPois rN+}
  2868 | D:5      | Reached XP level 7. HP: 59/59 MP: 6/6
  2988 | D:5      | Reached * piety under Okawaru
  3015 | D:5      | Noticed Pikel
  3232 | D:5      | Killed Pikel
  3233 | D:5      | Reached skill level 5 in Fighting
  3233 | D:5      | Reached skill level 7 in Ranged Weapons
  3233 | D:5      | Reached XP level 8. HP: 32/68 MP: 8/8
  3825 | D:6      | Found a stormy altar of Qazlal.
  3932 | D:6      | Noticed Grinder
  3936 | D:6      | Killed Grinder
  3936 | D:6      | Reached ** piety under Okawaru
  3937 | D:6      | Reached skill level 8 in Ranged Weapons
  3937 | D:6      | Reached skill level 5 in Dodging
  4021 | D:6      | Noticed Eustachio
  4037 | D:6      | Killed Eustachio
  4038 | D:6      | Reached skill level 5 in Armour
  4112 | D:6      | Found a sacrificial altar of Ru.
  4138 | D:6      | Reached XP level 9. HP: 70/75 MP: 10/10
  4594 | D:7      | Reached *** piety under Okawaru
  4606 | D:7      | Noticed Maggie
  4629 | D:7      | Killed Maggie
  4630 | D:7      | Reached skill level 9 in Ranged Weapons
  5541 | D:7      | Identified a scroll of acquirement
  5541 | D:7      | Acquired the +0 hat of Untold Secrets {Dex+6}
  5608 | D:8      | Noticed a six-headed hydra
  5680 | D:8      | Noticed a cyclops
  5689 | D:8      | Hit by a large rock thrown by a cyclops

Illustrated notes

Levels and vault maps discovered:
D:1:      nagdon_arrival_zigzag_paths, layout_basic
D:2:      layout_basic, serial_rivers, chequers_serial_rivers_micro_d,
          chequers_serial_rivers_micro_a, chequers_serial_rivers_micro_d,
          chequers_serial_rivers_micro_c, chequers_serial_rivers_micro_c,
          chequers_serial_rivers_micro_b, chequers_serial_rivers_small_3
D:3:      layout_rooms, lemuel_coloured_pillars_altar,
          mainiacjoe_overflow_24_doors, serial_glass, glass_columns_c,
          glass_columns_b, minmay_ruptured
D:4:      layout_gridville, minmay_temple_entry_nine_rooms, serial_shops,
          nicolae_shop_statue_plus, uniq_ijyb
D:5:      layout_rooms, uniq_pikel
D:6:      layout_loops_ring, mainiacjoe_overflow_brackets,
          grunt_qazlal_sundering, small_statue_intersection,
          kennysheep_small_circle, uniq_eustachio, uniq_grinder
D:7:      layout_loops_ring, uniq_maggie
D:8:      layout_basic, hangedman_decor_slide_cut,
          eino_small_chamber_without_monster, kennysheep_island_fort
Temple:   nicolae_temple_no_exploring_needed

Skill      XL: |  1  2  3  4  5  6  7  8  9 |
---------------+----------------------------+-----
Stealth        | 1 2 3 4 |  4.8
Armour         | 1 2 3 4 5 6 |  6.2
Fighting       | 3 4 5 6 |  6.9
Ranged Weapons | 5 6 7 8 9 |  9.4
Dodging        | 3 4 5 6 |  6.1
Invocations    | 1 2 3 4 |  4.4

Action                     |  1- 3 |  4- 6 |  7- 9 || total
---------------------------+-------+-------+-------++-------
  Melee: Dagger            |    11 |     8 |       ||    19
         Headbutt          |     2 |     3 |       ||     5
   Fire: Shortbow          |    91 |    15 |       ||   106
         Sling             |    20 |       |       ||    20
         Orcbow            |       |    90 |   213 ||   303
  Evoke: Wand              |       |       |     4 ||     4
    Use: Scroll            |       |     5 |    11 ||    16
         Potion            |       |       |     1 ||     1
 Armour: Leather armour    |    11 |       |       ||    11
         Scale mail        |    30 |    12 |       ||    42
         Chain mail        |       |     5 |    76 ||    81
  Dodge: Dodged            |    44 |    18 |    36 ||    98

Table legend: (Time is in decaauts)
 A = Elapsed time spent in this place.
 B = Non-inter-level travel time spent in this place.
 C = Inter-level travel time spent in this place.
 D = Time resting spent in this place.
 E = Time spent auto-exploring this place.
 F = Levels seen in this place.
 G = Mean time per level.
                   A        B        C        D        E       F      G
               +--------+--------+--------+--------+--------+-----+--------+
         Total |   5754 |   5584 |    170 |    789 |   3681 |   9 |  639.3 |
       Dungeon |   5736 |   5567 |    169 |    789 |   3681 |   8 |  717.0 |
        Temple |     18 |     17 |      1 |      0 |      0 |   1 |   18.0 |
               +--------+--------+--------+--------+--------+-----+--------+

Top non-repeatable levels by time:
     D:6: 1172 daAuts
     D:7: 988 daAuts
     D:2: 903 daAuts
     D:4: 775 daAuts
     D:1: 668 daAuts
     D:3: 564 daAuts
     D:5: 525 daAuts
     D:8: 137 daAuts
  Temple: 18 daAuts
